AoeStats
← 战歌

Nomad

510475630Analyzed
4v4 RM · 2d ago on Oct 1, 2026· 37m 15s· 8 players
Game mode
Random Map
Map size
231×231
Population
200
Speed
Normal
Resources
Standard
Victory
Conquest
Starting age
Dark Age
Ending age
Imperial Age
RankedLock teamsTeams togetherTeam positionsShared explorationLock speedFull tech treeHidden civsTurbo modeCheats
Victory
Defeat
🇨🇳 Wu · China
1362
+14
🇨🇳 Dravidians · China
1328
+15
🇨🇳 Turks · China
1312
+16
🇦🇺 Persians · Australia
1301
+16
🇩🇪 Persians · Germany
1368
-18
🇲🇽 Italians · Mexico
1339
-16
🇧🇪 Berbers · Belgium
1300
-15
🇦🇺 Koreans · Australia
1224
-12
Eiiisckhan
5:07 Loom
14:15 Feudal Age
18:56 Castle Age
17:59 Wheelbarrow
19:55 Medium Warships
23:56 Hand Cart
24:46 Town Watch
32:12 Horse Collar
34:32 Heavy Plow
39:31 Imperial Age
超级小豪
4:46 Loom
12:50 Feudal Age
14:14 Double-Bit Axe
15:31 Fletching
15:41 Gold Mining
16:19 Fishing Lines
19:25 Castle Age
17:42 Padded Archer Armor
20:21 Bow Saw
20:12 Gillnets
20:26 Bodkin Arrow
21:27 Medium Warships
23:44 Thumb Ring
23:51 Stone Mining
25:07 Wheelbarrow
25:28 Elite Skirmisher
26:38 Leather Archer Armor
26:26 Husbandry
33:26 Imperial Age
31:56 Scale Barding Armor
32:42 Horse Collar
34:28 Bracer
37:45 Scale Mail Armor
38:50 Two-Man Saw
38:07 Hand Cart
Cambo
6:39 Loom
14:25 Feudal Age
15:12 Double-Bit Axe
18:03 Castle Age
18:54 Bow Saw
19:43 Horse Collar
23:04 Fletching
27:46 Bodkin Arrow
28:26 Gold Mining
28:45 Scale Barding Armor
33:05 Imperial Age
31:37 Wheelbarrow
31:42 Gold Shaft Mining
31:36 Stone Mining
32:21 Chain Barding Armor
33:28 Forging
34:12 Conscription
34:12 Bloodlines
34:02 Husbandry
35:33 Two-Man Saw
35:10 Hand Cart
35:04 Town Watch
35:20 Heavy Plow
37:10 Plate Barding Armor
37:10 Iron Casting
36:42 Elite War Elephant
38:22 Stone Shaft Mining
战歌
5:40 Loom
15:43 Feudal Age
16:18 Double-Bit Axe
16:01 Man-at-Arms
16:27 Arson
19:35 Castle Age
17:39 Scale Mail Armor
17:47 Fishing Lines
18:09 Gold Mining
18:30 Forging
20:53 Bow Saw
21:11 Long Swordsman
22:28 Gold Shaft Mining
25:08 Wheelbarrow
26:06 Stone Mining
26:41 Hand Cart
30:27 Imperial Age
28:53 Chain Mail Armor
30:58 Two-Handed Swordsman
31:38 Squires
33:44 Iron Casting
36:15 Sanctity
Ziton127
15:58 Feudal Age
16:50 Double-Bit Axe
19:53 Forging
25:57 Castle Age
26:51 Medium Warships
28:26 Bow Saw
36:23 Imperial Age
35:19 Ballistics
34:42 Treadmill Crane
Althing
5:03 Loom
14:39 Feudal Age
23:39 Castle Age
23:30 Fletching
23:53 Double-Bit Axe
27:16 Padded Archer Armor
35:15 Ballistics
[RDNT] Taroel
6:00 Loom
13:03 Feudal Age
17:48 Castle Age
17:05 Forging
16:43 Double-Bit Axe
19:20 Medium Warships
18:52 Pikeman
20:32 Wheelbarrow
20:11 Bow Saw
28:13 Horse Collar
29:29 Heavy Plow
35:25 Imperial Age
33:13 Husbandry
33:24 Bloodlines
34:50 Scale Barding Armor
35:21 Iron Casting
36:20 Conscription
36:55 Cavalier
Bread
15:32 Feudal Age
17:16 Loom
19:47 Castle Age
19:19 Double-Bit Axe
19:27 Stone Mining
19:31 Fletching
19:58 Fishing Lines
24:23 Wheelbarrow
30:06 Eupseong
30:13 Gillnets
30:44 Horse Collar
32:18 Masonry
33:04 Hand Cart
34:42 Heavy Plow
Connection lost

Rejoining the realm…

Still unreachable

The connection could not be restored.

Session expired

The server has moved on; the page needs a fresh start.